 Dungeon Crawl Stone Soup version 0.20-b1-14-g8425815 (webtiles) character file.

70 juanjsm the Sneak (level 4, -4/21 HPs)
             Began as a Spriggan Enchanter on May 23, 2017.
             Slain by a kobold
             ... wielding a +1 dagger of electrocution
              (20 damage)
             ... on level 2 of the Dungeon.
             The game lasted 00:05:35 (1504 turns).

juanjsm the Sneak (Spriggan Enchanter)              Turns: 1504, Time: 00:05:35

Health: -4/21      AC:  2    Str:  4    XL:     4   Next: 3%
Magic:  1/10       EV: 19    Int: 17    God:
Gold:   46         SH:  0    Dex: 16    Spells: 3/9 levels left

rFire    . . .     SeeInvis +   a - +1 dagger
rCold    . . .     Gourm    .   (shield restricted)
rNeg     + . .     Faith    .   b - +0 robe
rPois    .         Spirit   .   (helmet restricted)
rElec    .         Reflect  .   (no cloak)
rCorr    .         Harm     +   (gloves unavailable)
MR       .....                  (boots unavailable)
Stlth    +++.......             h - amulet of harm
Regen    0.1/turn               i - ring of positive energy
MPRegen  0.2/turn               (no ring)

@: very slightly contaminated, very quick
A: unfitting armour, see invisible, herbivore 3, speed 3, slow metabolism 2
a: no special abilities


You were on level 2 of the Dungeon.
You were not hungry.

You visited 1 branch of the dungeon, and saw 2 of its levels.

You collected 46 gold pieces.

Inventory:

Hand Weapons
 a - a +1 dagger (weapon)
Armour
 b - a +0 robe (worn)
Jewellery
 h - an amulet of harm (around neck)
 i - a ring of positive energy (left hand)
Scrolls
 e - 2 scrolls of identify {unknown}
 g - 2 scrolls of remove curse
 m - a scroll of amnesia {unknown}
Potions
 j - a potion of mutation {unknown}
 k - a potion of magic {unknown}
 l - a potion of curing {unknown}
Books
 c - a book of Maledictions

   Spells                             Type                      Level
   a - Corona                         Hexes                        1
   b - Ensorcelled Hibernation        Hexes/Ice                    2
   c - Confuse                        Hexes                        3
   d - Tukima's Dance                 Hexes                        3
   e - Dazzling Spray                 Conjuration/Hexes            3
Comestibles
 d - a bread ration
 f - 4 fruits


   Skills:
 + Level 0.5 Fighting
 * Level 2.3 Short Blades
 + Level 3.4 Dodging
 * Level 5.5 Stealth
 + Level 3.4 Spellcasting
 + Level 3.7 Hexes


You had 3 spell levels left.
You knew the following spells:

 Your Spells              Type           Power        Failure   Level  Hunger
a - Corona                Hex            ###....      3%          1    None
b - Ensorcelled Hibernat  Hex/Ice        #.....       12%         2    ##.....
c - Confuse               Hex            ###.....     11%         3    ###....


Dungeon Overview and Level Annotations

Branches:
Dungeon (2/15)

Altars:


Innate Abilities, Weirdness & Mutations

You are very small and have problems with some larger weapons.
You are too small for most types of armour.
You have supernaturally acute eyesight. (SInv)
You are a herbivore.
You cover ground extremely quickly.
You need consume almost no food.


Message History

Press: ? - help, Shift-Dir - straight line, f - kobold
Aim: a kobold, wielding a dagger of electrocution (chance to defeat MR: 58%)
You miscast Ensorcelled Hibernation.
You are very lightly contaminated with residual magic.
A chill runs through your body.
The kobold throws a stone.
The stone barely misses you. The kobold closely misses you.
You completely miss the kobold. The kobold misses you.
You closely miss the kobold. The kobold completely misses you.
You hit the kobold but do no damage. The kobold completely misses you.
You barely miss the kobold. The kobold closely misses you.
You hit the kobold but do no damage. You hit the kobold but do no damage.
The kobold hits you with a dagger of electrocution.
You hit the kobold but do no damage. The kobold hits you but does no damage.
You closely miss the kobold.
The kobold hits you with a dagger of electrocution.
You are electrocuted!
Ouch! That really hurt!
You die...

#..#### #..# #..#####
#...†... # #.###### ?# #.#
#### .. #.# ##...####.#.# #.#
##(.....@K...# #.#
###.......##.### #.#
........=# .. #.# #.......#
## #.# ###.....### ##.#
#.........##### #..#
#.............####.#######
#.##.........###............†
...........### ######.#######


You could see a kobold.

Vanquished Creatures
  2 gnolls (D:2)
  2 adders (D:2)
  An ooze (D:1)
  A dart slug (D:1)
  2 bats (D:1)
  A giant cockroach (D:2)
  3 goblins (D:1)
  4 hobgoblins (D:1)
  3 jackals (D:2)
  3 kobolds
  4 frilled lizards (D:2)
  A rat (D:1)
27 creatures vanquished.

Notes
Turn   | Place    | Note
-------+----------+-------------------------------------------
     0 | D:1      | juanjsm the Spriggan Enchanter began the quest for the Orb.
     0 | D:1      | Reached XP level 1. HP: 9/9 MP: 5/5
   367 | D:1      | Reached XP level 2. HP: 6/13 MP: 6/6
   371 | D:1      | Learned a level 2 spell: Ensorcelled Hibernation
  1069 | D:2      | Reached XP level 3. HP: 12/17 MP: 1/8
  1074 | D:2      | Learned a level 3 spell: Confuse
  1220 | D:2      | Reached skill level 5 in Stealth
  1479 | D:2      | Reached XP level 4. HP: 20/21 MP: 2/9
  1504 | D:2      | Slain by a kobold

Skill      XL: |  1  2  3 |
---------------+----------+-----
Spellcasting   | 3 |  3.4
Short Blades   | 2 |  2.3
Stealth        | 5 |  5.5
Fighting       | |  0.5
Dodging        | |  3.4
Hexes          | |  3.7

Action                   |  1- 3 |  4- 6 || total
-------------------------+-------+-------++-------
Melee: Dagger            |    32 |    21 ||    53
 Cast: Corona            |     3 |       ||     3
       Ensorcelled Hiber |    25 |     1 ||    26
  Use: Scroll            |     2 |       ||     2
 Stab: Sleeping          |    23 |       ||    23
       Distracted        |     1 |       ||     1
Armor: Robe              |       |     1 ||     1
Dodge: Dodged            |     9 |    23 ||    32
